 Dungeon Crawl Stone Soup version 0.31-a0-865-g3d5d91748a (webtiles) character file.

Game seed: 16976666339731852113

6027 Shayle the Martial Artist (level 11, -6/86 HPs)
             Began as a Human Shapeshifter on Oct 10, 2023.
             Was an Initiate of Ru.
             Mangled by a gnoll sergeant
             ... wielding a +0 spear
              (9 damage)
             ... on level 9 of the Dungeon.
             The game lasted 00:26:58 (9521 turns).

Shayle the Martial Artist (Human Shapeshifter)      Turns: 9521, Time: 00:26:59

Health: -6/86      AC:  9    Str: 15    XL:     11   Next: 11%
Magic:  0/11       EV: 17    Int: 10    God:    Ru [......]
Gold:   516        SH:  0    Dex: 17    Spells: 10/10 levels left

rFire   . .          .
                       - Unarmed
rCold   . . .        i - orb {*Rage}
rNeg    . . .        J - +0 steam dragon scales
rPois   +            (helmet currently unavailable)
rElec   .            (cloak currently unavailable)
rCorr   .            (gloves currently unavailable)
SInv    .            (boots currently unavailable)
Will    .....        r - amulet of guardian spirit
Stlth   ++           f - ring of poison resistance
HPRegen 0.34/turn    h - +4 ring of protection
MPRegen 0.12/turn

%: random rage (20%), guardian spirit
@: beast-form, on berserk cooldown, slowed, very slow
A: beast (slay +4)
a: Begin Untransformation, Renounce Religion


You were on level 9 of the Dungeon.
You worshipped Ru.
Ru was noncommittal.
You were a hulking beast.
You visited 2 branches of the dungeon, and saw 10 of its levels.

You collected 516 gold pieces.

Inventory:

Hand Weapons
 m - a +1 mace of protection
 q - a +2 rapier of holy wrath
 z - a +2 dagger of venom
 A - a +2 hand axe of flaming
 I - a +4 short sword
Missiles
 o - 6 javelins
 x - a curare-tipped dart
 B - a throwing net
Armour
 a - a +0 animal skin
 i - an orb of wrath (worn)
 s - a +0 ring mail
 t - a +0 pair of gloves
 C - a +0 helmet
 J - +0 steam dragon scales (worn)
Jewellery
 f - a ring of poison resistance (left hand)
 h - a +4 ring of protection (right hand)
 j - a ring of ice
 p - a +6 ring of intelligence
 r - an amulet of guardian spirit (around neck)
 H - a ring of fire
Talismans
 c - a beast talisman (active)
 d - a flux talisman
Wands
 K - a wand of flame (5)
 N - a wand of quicksilver (4)
Scrolls
 g - 2 scrolls of noise
 k - 2 scrolls of teleportation
 u - a scroll of identify
 y - 2 scrolls of fog
 E - a scroll of summoning
Potions
 b - 2 potions of lignification
 e - 5 potions of brilliance
 n - 2 potions of mutation
 v - 4 potions of curing
 w - 2 potions of resistance
 D - a potion of heal wounds
 F - 2 potions of magic
 L - 2 potions of enlightenment


   Skills:
 + Level 8.0 Fighting
 + Level 8.3 Dodging
 + Level 8.6 Unarmed Combat
 + Level 8.0 Shapeshifting


You had 10 spell levels left.
You didn't know any spells.
Your spell library contained the following spells:

 Spells                   Type           Power      Damage    Failure   Level
 Shock                    Conj/Air       0%         1d3       36%         1
 Blink                    Tloc           0%         N/A       50%         2
 Lesser Beckoning         Tloc           0%         N/A       50%         2
 Momentum Strike          Conj/Tloc      0%         3d8       50%         2
 Sublimation of Blood     Necr           0%         N/A       50%         2
 Wereblood                Tmut           0%         N/A       50%         2
 Call Canine Familiar     Summ           0%         N/A       75%         3
 Ozocubu's Armour         Ice            0%         N/A       75%         3
 Sigil of Binding         Hex            0%         N/A       75%         3
 Swiftness                Air            0%         N/A       75%         3
 Airstrike                Air            0%         2d(0-16)  98%         4
 Dimensional Bullseye     Hex/Tloc       0%         N/A       98%         4
 Leda's Liquefaction      Hex/Erth       0%         N/A       98%         4
 Metabolic Englaciation   Hex/Ice        0%         N/A       100%        5
 Simulacrum               Ice/Necr       0%         N/A       100%        6
 Summon Hydra             Summ           0%         N/A       100%        7


Dungeon Overview and Level Annotations

Branches:
Dungeon (9/15)             Temple (1/1) D:6
   Lair: D:8-11         Orc: D:9-12

Altars:
Cheibriados
Dithmenos
Elyvilon
Fedhas
Gozag
Hepliaklqana
Kikubaaqudgha
Makhleb
Nemelex Xobeh
Qazlal
Ru
Sif Muna
Uskayaw
Vehumet
Wu Jian
Xom
Yredelemnul
Zin
The Shining One

Shops:
D:8 =


Message History

The gnoll sergeant hits you but does no damage.
You hit the gnoll sergeant.
The gnoll sergeant is lightly wounded.
The gnoll sergeant hits you but does no damage.
The gnoll sergeant hits you with a +0 spear!
You hit the gnoll sergeant.
The gnoll sergeant is moderately wounded.
The gnoll sergeant hits you with a +0 spear.
* * * LOW HITPOINT WARNING * * *
Okay, then.
The gnoll sergeant blocks your attack.
The gnoll sergeant is moderately wounded.
The gnoll sergeant misses you.
You hit the gnoll sergeant.
The gnoll sergeant is heavily wounded.
The gnoll sergeant closely misses you.
You hit the gnoll sergeant but do no damage.
The gnoll sergeant is heavily wounded.
The gnoll sergeant hits you with a +0 spear!
* * * LOW HITPOINT WARNING * * *
The gnoll sergeant hits you with a +0 spear.
* * * LOW HITPOINT WARNING * * *
You closely miss the gnoll sergeant.
The gnoll sergeant is heavily wounded.
The gnoll sergeant misses you.
You feel better.
The gnoll sergeant hits you with a +0 spear.
* * * LOW HITPOINT WARNING * * *
You punch the gnoll sergeant!
The gnoll sergeant is severely wounded.
The gnoll sergeant hits you with a +0 spear.
* * * LOW HITPOINT WARNING * * *
Aiming: Quicksilver Bolt
Press: ? - help, Shift-Dir - straight line, f - gnoll sergeant
Aim: a gnoll sergeant, wielding a +0 spear, wearing a +0 scale mail and wearing a +0 buckler (severely wounded, 79% to hit)
The bolt of dispelling energy misses the gnoll sergeant.
The gnoll sergeant hits you with a +0 spear!
* * * LOW HITPOINT WARNING * * *
The gnoll sergeant hits you with a +0 spear!
You die...

# ## ### ..
...#.# ...
...
##....#####
#.# ##.##
.......<..##
#.# .....
####.......#
#.#......
#.......#
#.#......
#.......#
#g)..._..
##......###h#
##...#..##.#
######....#
##.#.# #.....
##......
########


You could see a gnoll sergeant.

Vanquished Creatures
  A two-headed ogre (D:6)
  Amaemon (D:9)
  Pikel (D:6)
  An orange demon (D:9)
  Psyche (D:8)
  A tengu conjurer (D:9)
  A yak (D:9)
  A wraith (D:9)
  A steam dragon (D:9)
  An acid dragon (D:7)
  3 water moccasins
  4 ice beasts
  2 orc warriors
  A sky beast (D:7)
  2 black bears (D:9)
  2 centaurs (D:9)
  2 kobold brigands (D:9)
  3 bullfrogs
  3 scorpions
  5 wights (D:9)
  7 killer bees
  A howler monkey (D:6)
  3 orc priests
  A gnoll bouda (D:4)
  3 iguanas
  6 orc wizards
  4 sleepcaps
  2 adders
  12 gnolls
  A shadow imp (D:7)
  3 ufetubi
  3 dart slugs
  27 orcs
  6 endoplasms
  A giant cockroach (D:3)
  2 goblins (D:2)
  4 hobgoblins
  18 kobolds
  3 quokkas
  7 ball pythons
  6 bats
  4 frilled lizards
  3 rats
164 creatures vanquished.

Notes
Turn   | Place    | Note
-------+----------+-------------------------------------------
     0 | D:1      | Shayle the Human Shapeshifter began the quest for the Orb.
     0 | D:1      | Reached XP level 1. HP: 15/15 MP: 1/1
   200 | D:1      | Found a faded altar of an unknown god.
   223 | D:1      | Reached XP level 2. HP: 17/21 MP: 2/2
   753 | D:2      | Reached XP level 3. HP: 11/26 MP: 3/3
   970 | D:2      | Reached XP level 4. HP: 33/33 MP: 4/4
  2336 | D:3      | Reached XP level 5. HP: 38/38 MP: 5/5
  2686 | D:4      | Reached XP level 6. HP: 28/46 MP: 6/6
  3363 | D:5      | Entered Level 5 of the Dungeon
  3514 | D:5      | Noticed an ice beast
  3527 | D:5      | Killed an ice beast
  3528 | D:5      | Reached XP level 7. HP: 52/52 MP: 7/7
  4256 | D:6      | Found a staircase to the Ecumenical Temple.
  4290 | D:6      | Noticed a water moccasin
  4297 | D:6      | Killed a water moccasin
  4298 | D:6      | Reached skill level 5 in Unarmed Combat
  4335 | D:6      | Noticed Pikel
  4382 | D:6      | Killed Pikel
  4383 | D:6      | Reached skill level 5 in Dodging
  4383 | D:6      | Reached skill level 5 in Shapeshifting
  4383 | D:6      | Reached XP level 8. HP: 36/61 MP: 8/8
  4595 | Temple   | Entered the Ecumenical Temple
  4614 | D:6      | Reached skill level 5 in Fighting
  4731 | D:6      | Found a sacrificial altar of Ru.
  4731 | D:6      | Found a glowing silver altar of Zin.
  4735 | D:6      | Became a worshipper of Ru the Awakened
  4834 | D:6      | Noticed a two-headed ogre
  4842 | D:6      | HP: 3/62 [two-headed ogre/+0 giant club (22)]
  4874 | D:7      | Reached XP level 9. HP: 37/68 MP: 9/9
  5807 | D:7      | HP: 4/103 [water moccasin (6)]
  7002 | D:6      | Killed a two-headed ogre
  7003 | D:6      | Reached XP level 10. HP: 77/77 MP: 10/10
  7680 | D:8      | Noticed Psyche
  7687 | D:8      | Killed Psyche
  7689 | D:8      | Found Umehy's Jewellery Shop.
  8109 | D:9      | HP: 1/79 [troll (12)]
  8530 | D:9      | Noticed a skeletal warrior
  8530 | D:9      | Noticed a cyclops
  8530 | D:9      | Noticed Amaemon
  8530 | D:9      | Noticed an orange demon
  8549 | D:9      | Killed Amaemon
  8555 | D:9      | Killed an orange demon
  8557 | D:9      | HP: 3/80 [poisoned by Amaemon]
  8877 | D:9      | Reached XP level 11. HP: 55/86 MP: 7/11
  9486 | D:9      | Found a basalt altar of Yredelemnul.
  9521 | D:9      | HP: 3/86 [gnoll sergeant/+0 spear (8)]
  9521 | D:9      | Mangled by a gnoll sergeant

Illustrated notes

Levels and vault maps discovered:
D:1:      dpeg_arrival_round_b, layout_basic, ebering_ecumenical_altar_mist
D:2:      layout_loops_corners, serial_park_tiny_2
D:3:      minmay_inner_zag, layout_loops_ring, minmay_misc_feat_doors
D:4:      layout_gridville, minmay_statues_item
D:5:      layout_basic
D:6:      layout_gridville, gammafunk_temple_overflow_elements,
          minmay_temple_entry_statues, uniq_pikel
D:7:      layout_basic, serial_corexii_hall, corexii_hall_statues_l,
          corexii_hall_statues_t, corexii_hall_statues_l
D:8:      layout_basic, serial_shops, shop, uniq_psyche
D:9:      layout_rooms, old_standard_altar, due_lair_maze_entry_diamond,
          kennysheep_diamond, grunt_decor_cap, grunt_tough_drop, uniq_amaemon
Temple:   compressed_dpeg_triangle_lava_temple

Skill      XL: |  1  2  3  4  5  6  7  8  9 10 11 |
---------------+----------------------------------+-----
Fighting       | 2 3 4 5 6 7 8 |  8.0
Dodging        | 3 5 6 8 |  8.3
Unarmed Combat | 4 5 6 7 8 |  8.6
Shapeshifting  | 4 5 6 7 8 |  8.0

Action                     |  1- 3 |  4- 6 |  7- 9 | 10-12 || total
---------------------------+-------+-------+-------+-------++-------
  Melee: Unarmed           |    57 |   152 |   199 |   183 ||   591
 Invoke: Reject Sacrifices |       |       |       |     1 ||     1
  Evoke: Wand              |       |       |     5 |    13 ||    18
    Use: Scroll            |     3 |       |    15 |     8 ||    26
         Potion            |       |       |     5 |     2 ||     7
   Stab: Sleeping          |       |     1 |       |     1 ||     2
         Distracted        |       |     1 |       |       ||     1
 Armour: Animal skin       |    32 |    35 |       |       ||    67
         Ring mail         |       |    57 |   131 |    85 ||   273
         Skin              |       |       |    21 |       ||    21
         Steam dragon scal |       |       |       |    87 ||    87
  Dodge: Dodged            |    45 |    99 |   114 |   164 ||   422

Table legend: (Time is in decaauts)
 A = Elapsed time spent in this place.
 B = Non-inter-level travel time spent in this place.
 C = Inter-level travel time spent in this place.
 D = Time resting spent in this place.
 E = Time spent auto-exploring this place.
 F = Levels seen in this place.
 G = Mean time per level.
                   A        B        C        D        E       F      G
               +--------+--------+--------+--------+--------+-----+--------+
         Total |   9941 |   9416 |    525 |   2010 |   4900 |  10 |  994.1 |
       Dungeon |   9936 |   9411 |    525 |   2010 |   4900 |   9 | 1104.0 |
        Temple |      5 |      5 |      0 |      0 |      0 |   1 |    5.0 |
               +--------+--------+--------+--------+--------+-----+--------+

Top non-repeatable levels by time:
     D:7: 2079 daAuts
     D:9: 1220 daAuts
     D:6: 1192 daAuts
     D:2: 1114 daAuts
     D:4: 1041 daAuts
     D:5: 899 daAuts
     D:8: 817 daAuts
     D:3: 803 daAuts
     D:1: 766 daAuts
  Temple: 5 daAuts
